 Dungeon Crawl Stone Soup version 0.30-a0-778-g2ef04afb54 (webtiles) character file.

Game seed: 776589003645280354

4096 BubbleThief the Fighter (level 10, -7/67 (85) HPs)
             Began as a Demonspawn Necromancer on Feb 16, 2023.
             Was a Priest of Kikubaaqudgha.
             Mangled by an orc knight
             ... wielding a +0 halberd
              (23 damage)
             ... in a bailey.
             The game lasted 00:21:40 (9599 turns).

BubbleThief the Fighter (Demonspawn Necromancer)    Turns: 9599, Time: 00:21:41

HP:   -7/67 (85)    AC:  6    Str:  9    XL:     10   Next: 5%
MP:   14/14         EV: 12    Int: 23    God:    Kikubaaqudgha [***...]
Gold: 446           SH:  0    Dex: 17    Spells: 3/15 levels left

rFire   + . .      SeeInvis .    C - +2 dagger (venom)
rCold   . . .      Faith    +    (no shield)
rNeg    . . .      Spirit   .    a - +0 robe
rPois   .          Reflect  .    B - +0 helmet
rElec   .          Harm     .    (no cloak)
rCorr   .          Rampage  .    (no gloves)
Will    .....                    j - +0 pair of boots
Stlth   ++                       p - amulet of faith
HPRegen 0.31/turn                t - ring of protection from fire
MPRegen 0.14/turn                y - +6 ring of intelligence

@: brilliant, animating dead, heavily drained
A: slimy green scales 1, powered by death 1, demonic touch 2
a: Renounce Religion, Unearth Wretches


You were in a bailey.
You worshipped Kikubaaqudgha.
Kikubaaqudgha was most pleased with you.
You visited 2 branches of the dungeon, and saw 9 of its levels.
You also visited: Sewer, Ossuary and Bailey.

You collected 446 gold pieces.

Inventory:

Hand Weapons
 C - a +2 dagger of venom (weapon)
 I - a +3 dagger of protection
Armour
 a - a +0 robe (worn)
 j - a +0 pair of boots (worn)
 B - a +0 helmet (worn)
Jewellery
 p - an amulet of faith (around neck)
 t - a ring of protection from fire (left hand)
 x - a ring of positive energy
 y - a +6 ring of intelligence (right hand)
Wands
 d - a wand of quicksilver (6)
 h - a wand of mindburst (18)
 n - a wand of roots (5)
 r - a wand of flame (2)
 F - a wand of polymorph (11)
Scrolls
 c - 2 scrolls of magic mapping
 e - a scroll of identify
 i - 4 scrolls of teleportation
 m - a scroll of butterflies
 o - 3 scrolls of amnesia
 q - a scroll of fog
 s - 3 scrolls of blinking
Potions
 f - a potion of degeneration {unknown}
 g - 5 potions of heal wounds
 k - 2 potions of flight
 l - 7 potions of curing
 u - 3 potions of brilliance
 v - 2 potions of mutation
 A - 2 potions of resistance {unknown}
 D - 2 potions of attraction {unknown}
 E - 3 potions of cancellation
 G - 2 potions of haste {unknown}


   Skills:
 + Level 9.8 Fighting
 + Level 9.0 Short Blades
 - Level 1.7 Dodging
 - Level 1.7 Stealth
 - Level 3.0 Spellcasting
 - Level 6.0 Necromancy


You had 3 spell levels left.
You knew the following spells:

 Your Spells              Type           Power      Damage    Failure   Level
a - Necrotise             Necr           100%       1d9       1%          1
b - Vampiric Draining     Necr           46%        2d9       3%          3
c - Animate Dead          Necr           46%        N/A       10%         4
d - Dispel Undead         Necr           46%        3d18      10%         4

Your spell library contained the following spells:

 Spells                   Type           Power      Damage    Failure   Level
 Kiss of Death            Conj/Necr      100%       2d13      3%          1
 Cigotuvi's Dreadful Rot  Necr/Pois/Air  36%        N/A       8%          2
 Shock                    Conj/Air       20%        1d4       12%         1
 Summon Small Mammal      Summ           20%        N/A       12%         1
 Call Canine Familiar     Summ           5%         N/A       34%         3
 Ozocubu's Armour         Ice            5%         N/A       34%         3
 Portal Projectile        Hex/Tloc       10%        N/A       34%         3
 Summon Guardian Golem    Hex/Summ       5%         N/A       34%         3
 Swiftness                Air            5%         N/A       34%         3
 Tukima's Dance           Hex            5%         N/A       34%         3
 Vhi's Electric Charge    Tloc/Air       10%        N/A       34%         3
 Agony                    Necr           46%        N/A       26%         5
 Anguish                  Hex/Necr       12%        N/A       32%         4
 Airstrike                Air            2%         2d(1-17)  75%         4
 Death Channel            Necr           23%        N/A       83%         6
 Arcjolt                  Conj/Air       2%         1d12      97%         5
 Blade Hands              Tmut           2%         N/A       97%         5
 Simulacrum               Ice/Necr       12%        N/A       99%         6
 Ozocubu's Refrigeration  Ice            2%         4d8       100%        7
 Maxwell's Capacitive Co  Air            2%         ∞         100%        8


Dungeon Overview and Level Annotations

Branches:
Dungeon (8/15)             Temple (1/1) D:5           Sewer (visited)
Ossuary (visited)          Bailey (1/1)
   Lair: D:8-11

Altars:
Ashenzari
Cheibriados
Dithmenos
Fedhas
Gozag
Hepliaklqana
Kikubaaqudgha
Makhleb
Nemelex Xobeh
Okawaru
Qazlal
Ru
Sif Muna
Trog
Uskayaw
Vehumet
Wu Jian
Xom
Yredelemnul


Innate Abilities, Weirdness & Mutations

You are partially covered in slimy green scales. (AC +2)
You regenerate a little health from kills.
Your touch may inflict irresistible damage on your foes.


Message History

You feel a surge of power!
You draw life force from the orc knight!
You feel life coursing into your body!
Your gnoll zombie closely misses the orc knight.
Your gnoll zombie barely misses the orc.
The orc knight hits you with a +0 halberd!
The gnoll closely misses you.
Casting: Vampiric Draining (dangerous; 3% risk of failure)
Confirm with . or Enter, or press ? or * to list all spells.
Aiming: Vampiric Draining (dangerous; 3% risk of failure)
Press: ? - help, Shift-Dir - straight line, f/p - orc knight
Aim: an orc knight, wielding a +0 halberd (heavily wounded, ally target)
You feel a surge of power!
You draw life force from the orc knight!
You feel life coursing into your body! The gnoll barely misses you.
The orc knight hits you with a +0 halberd!
Your gnoll zombie closely misses the orc knight.
Casting: Vampiric Draining (dangerous; 3% risk of failure)
Confirm with . or Enter, or press ? or * to list all spells.
Aiming: Vampiric Draining (dangerous; 3% risk of failure)
Press: ? - help, Shift-Dir - straight line, f/p - orc knight
Aim: an orc knight, wielding a +0 halberd (severely wounded, ally target)
You feel a surge of power!
You draw life force from the orc knight!
You feel life coursing into your body. The orc hits you but does no damage.
The orc knight hits you with a +0 halberd!
* * * LOW HITPOINT WARNING * * *
The gnoll misses you.
Casting: Vampiric Draining (dangerous; 3% risk of failure)
Confirm with . or Enter, or press ? or * to list all spells.
Aiming: Vampiric Draining (dangerous; 3% risk of failure)
Press: ? - help, Shift-Dir - straight line, f/p - orc knight
Aim: an orc knight, wielding a +0 halberd (almost dead, ally target)
Okay, then.
Magic courses through your body.
Your gnoll zombie closely misses the orc knight.
Your gnoll zombie hits the orc.
The orc knight hits you with a +0 halberd!!
You die...
Kikubaaqudgha rasps: "You have failed me!
Welcome... death!"

#.)...#####.....###
'..∩..')#)'..⌠..')#
#.....#####.....###
#.....## ##.....##
'##'##'###'##'##'##
###.###.#)###)###)#
# ### ##### ### #'#
#.#.###.###)#
'###'##'##@## !
##...Zo## .!
###..)og# !.g
#.'..⌠Z.+


!og ###.)...# .! ##.....# #'###'##'##' #.'.###. # ##### ## You could see an orc
knight (ally target), a gnoll, an orc (strong, ally target) and 2 friendly gnoll
zombies.

Vanquished Creatures
  Joseph (D:7)
  2 wraiths (Ossuary)
  A steam dragon (D:6)
  Menkaure (D:4)
  Duvessa (D:4)
  A water moccasin (D:6)
  An ice beast (D:5)
  An orc warrior (D:7)
  A black bear (D:5)
  A centaur (D:7)
  3 ogres
  2 phantoms
  A kobold brigand (D:5)
  4 bullfrogs
  5 scorpions
  8 wights
  Dowan (D:4)
  7 hounds
  An orc priest (D:7)
  2 gnoll boudas
  3 jellies (D:6)
  6 iguanas
  4 orc wizards
  A mummy (D:7)
  9 adders
  17 gnolls
  2 river rats (D:5)
  2 white imps
  3 worms
  2 dart slugs
  22 orcs
  4 bats
  6 endoplasms
  14 giant cockroaches
  8 goblins
  6 hobgoblins
  3 jackals (D:1)
  27 kobolds
  7 quokkas
  6 ball pythons
  4 ball python skeletons (Ossuary)
  5 frilled lizards
  A goblin zombie (D:7)
  A hobgoblin zombie (Ossuary)
  3 kobold zombies
  3 rats
214 creatures vanquished.

Vanquished Creatures (collateral kills)
  A black bear (D:7)
  An orc (D:7)
  An endoplasm (D:2)
  3 giant cockroaches
  A goblin (D:1)
  A jackal (D:1)
  A kobold (D:5)
  A ball python (D:4)
  A frilled lizard (D:3)
  A rat (D:5)
12 creatures vanquished.

Vanquished Creatures (others)
  2 orc zombies (D:7)
  26 plants (D:5)
28 creatures vanquished.

Grand Total: 254 creatures vanquished

Notes
Turn   | Place    | Note
-------+----------+-------------------------------------------
     0 | D:1      | BubbleThief the Demonspawn Necromancer began the quest for
                  | the Orb.
     0 | D:1      | Reached XP level 1. HP: 13/13 MP: 3/3
   137 | D:1      | Gained mutation: Your touch may inflict minor irresistible
                  | damage on your foes. [demonic ancestry]
   137 | D:1      | Reached XP level 2. HP: 19/19 MP: 1/5
   419 | D:1      | Reached skill level 5 in Necromancy
   881 | D:2      | Reached XP level 3. HP: 24/24 MP: 0/6
  1415 | D:2      | Reached XP level 4. HP: 30/30 MP: 4/8
  3029 | D:4      | Reached skill level 1 in Fighting
  3029 | D:4      | Reached skill level 1 in Short Blades
  3029 | D:4      | Gained mutation: Your touch may inflict irresistible damage
                  | on your foes. [demonic ancestry]
  3029 | D:4      | Reached XP level 5. HP: 37/37 MP: 3/9
  3193 | D:4      | Learned a level 3 spell: Vampiric Draining
  3286 | D:4      | Noticed Menkaure
  3298 | D:4      | Noticed an ogre
  3308 | D:4      | Killed an ogre
  3309 | D:4      | Reached XP level 6. HP: 15/46 MP: 3/10
  3540 | D:4      | Noticed Duvessa
  3546 | D:5      | Entered Level 5 of the Dungeon
  3678 | D:5      | Gained mutation: You are partially covered in slimy green
                  | scales. (AC +2) [demonic ancestry]
  3678 | D:5      | Reached XP level 7. HP: 42/53 MP: 4/11
  3848 | D:5      | Found a glowing drain.
  3885 | Sewer    | Entered a sewer
  4309 | Sewer    | Reached skill level 5 in Fighting
  4547 | D:5      | Reached skill level 5 in Short Blades
  4565 | D:5      | Found a staircase to the Ecumenical Temple.
  4585 | Temple   | Entered the Ecumenical Temple
  4806 | Temple   | Became a worshipper of Kikubaaqudgha
  4838 | D:5      | Gained mutation: You regenerate a little health from kills.
                  | [demonic ancestry]
  4838 | D:5      | Reached XP level 8. HP: 46/64 MP: 2/12
  5712 | D:6      | Learned a level 4 spell: Animate Dead
  5884 | D:6      | Reached * piety under Kikubaaqudgha
  5884 | D:6      | Received a gift from Kikubaaqudgha
  6440 | D:6      | Reached XP level 9. HP: 50/72 MP: 1/13
  6936 | D:7      | Found a sand-covered staircase.
  6944 | Ossuary  | Entered an ossuary
  7015 | Ossuary  | Reached ** piety under Kikubaaqudgha
  7819 | D:7      | Noticed Joseph
  7840 | D:7      | Killed Joseph
  8498 | D:4      | Killed Menkaure
  8509 | D:4      | Noticed Dowan
  8524 | D:4      | Killed Duvessa
  8529 | D:4      | Killed Dowan
  8530 | D:4      | Reached XP level 10. HP: 68/84 MP: 1/14
  8830 | D:4      | Found a shadowy altar of Dithmenos.
  8852 | D:4      | Found a basalt altar of Yredelemnul.
  9180 | D:8      | Found a flagged portal.
  9189 | Bailey   | Entered a bailey
  9226 | Bailey   | Reached *** piety under Kikubaaqudgha
  9226 | Bailey   | Received a gift from Kikubaaqudgha
  9232 | Bailey   | Learned a level 4 spell: Dispel Undead
  9577 | Bailey   | Noticed an orc knight
  9599 | Bailey   | Mangled by an orc knight

Illustrated notes

Levels and vault maps discovered:
D:1:      dpeg_arrival_arbitrary_c, layout_loops_ring
D:2:      minmay_evil_eye, layout_basic, amcnicky_mini_corridor_feature,
          kennysheep_generic_room_14
D:3:      layout_basic
D:4:      cheibrodos_quashed, layout_cave_pools, mainiacjoe_overflow_two_lobes,
          hangedman_decor_lopped, uniq_duvessa, uniq_menkaure
D:5:      kennysheep_kobold_camp, layout_basic,
          minmay_temple_entry_drinking_statues, gup_sewer_entry_bubbles
D:6:      layout_cave_pools, st_stairs_9
D:7:      layout_basic, nicolae_ossuary_entry_giza, uniq_joseph
D:8:      black_bear_nest_2, layout_basic, enter_bailey_2,
          serial_nicolae_subway, nicolae_sub_station_crystal,
          nicolae_sub_station_metal, nicolae_sub_station_stone
Temple:   nicolae_temple_slightly_damp_pantheon
Bailey:   bailey_polearm_nasty_gnolls, bailey

Skill      XL: |  1  2  3  4  5  6  7  8  9 10 |
---------------+-------------------------------+-----
Necromancy     | 5 6 |  6.0
Spellcasting   | 3 |  3.0
Fighting       | 1 2 3 5 7 9 |  9.8
Short Blades   | 1 2 3 5 6 8 9 |  9.0
Dodging        | |  1.7
Stealth        | |  1.7

Action                     |  1- 3 |  4- 6 |  7- 9 | 10-12 || total
---------------------------+-------+-------+-------+-------++-------
  Melee: Short sword       |    20 |     6 |     2 |       ||    28
         Touch             |     2 |     3 |    55 |    11 ||    71
         Long sword        |       |       |    20 |       ||    20
         Punch             |       |       |     3 |     1 ||     4
         Dagger            |       |       |   192 |    52 ||   244
   Cast: Necrotise         |    54 |    96 |   168 |     5 ||   323
         Vampiric Draining |       |       |    24 |     8 ||    32
         Animate Dead      |       |       |     1 |     1 ||     2
  Evoke: Wand              |       |    11 |     9 |     3 ||    23
    Use: Scroll            |       |       |    16 |     1 ||    17
         Potion            |       |       |       |     3 ||     3
   Stab: Sleeping          |       |       |     5 |     5 ||    10
 Armour: Robe              |     9 |     6 |    55 |     6 ||    76
  Dodge: Dodged            |    18 |    20 |   117 |    38 ||   193

Table legend: (Time is in decaauts)
 A = Elapsed time spent in this place.
 B = Non-inter-level travel time spent in this place.
 C = Inter-level travel time spent in this place.
 D = Time resting spent in this place.
 E = Time spent auto-exploring this place.
 F = Levels seen in this place.
 G = Mean time per level.
                   A        B        C        D        E       F      G
               +--------+--------+--------+--------+--------+-----+--------+
         Total |   9522 |   9257 |    265 |    234 |   7267 |  12 |  793.5 |
       Dungeon |   8051 |   7804 |    247 |    231 |   6208 |   8 | 1006.4 |
        Temple |    240 |    222 |     18 |      0 |    195 |   1 |  240.0 |
         Sewer |    533 |    533 |      0 |      0 |    412 |   1 |  533.0 |
       Ossuary |    301 |    301 |      0 |      0 |    186 |   1 |  301.0 |
        Bailey |    395 |    395 |      0 |      3 |    265 |   1 |  395.0 |
               +--------+--------+--------+--------+--------+-----+--------+

Top non-repeatable levels by time:
     D:5: 1462 daAuts
     D:7: 1258 daAuts
     D:3: 1253 daAuts
     D:6: 1158 daAuts
     D:4: 1095 daAuts
     D:2: 978 daAuts
     D:1: 767 daAuts
   Sewer: 533 daAuts
  Bailey: 395 daAuts
 Ossuary: 301 daAuts
  Temple: 240 daAuts
     D:8: 76 daAuts
